 Dungeon Crawl Stone Soup version 0.21.1-1-g345015f (webtiles) character file.

563 Inchmeat the Grasshopper (level 7, -1/56 HPs)
             Began as a Gnoll Warper on Mar 15, 2018.
             Was an Initiate of Cheibriados.
             Slain by an orc warrior
             ... wielding a +0 hand axe
              (10 damage)
             ... on level 4 of the Dungeon.
             The game lasted 00:13:58 (5387 turns).

Inchmeat the Grasshopper (Gnoll Warper)             Turns: 5387, Time: 00:13:58

Health: -1/56      AC:  5    Str: 15    XL:     7   Next: 32%
Magic:  13/15      EV: 14    Int: 17    God:    Cheibriados [......]
Gold:   172        SH:  0    Dex: 16    Spells: 6/17 levels left

rFire    . . .     SeeInvis .   h - +0 whip
rCold    . . .     Gourm    .   (no shield)
rNeg     . . .     Faith    .   p - +0 ring mail
rPois    +         Spirit   .   (no helmet)
rElec    .         Reflect  .   (no cloak)
rCorr    .         Harm     .   (no gloves)
MR       .....                  (no boots)
Stlth    ++........             (no amulet)
HPRegen  0.18/turn              l - ring of poison resistance
MPRegen  0.14/turn              (no ring)

@: very slow
A: distributed training, fangs 1, strong nose
a: Bend Time, Renounce Religion


You were on level 4 of the Dungeon.
You worshipped Cheibriados.
Cheibriados was noncommittal.
You were not hungry.

You visited 2 branches of the dungeon, and saw 6 of its levels.
You also visited: Sewer.

You collected 172 gold pieces.

Inventory:

Hand Weapons
 a - a +0 mace
 g - a +0 hunting sling
 h - a +0 whip (weapon)
 m - a +0 war axe
Missiles
 e - 2 tomahawks of dispersal (quivered)
Armour
 k - a +0 chain mail
 p - a +0 ring mail (worn)
Jewellery
 l - a ring of poison resistance (left hand)
Wands
 y - a wand of scattershot (7)
Scrolls
 d - 3 scrolls of blinking
 j - a scroll of fear
 n - 2 scrolls of remove curse {@r2}
 q - 2 scrolls of teleportation
 u - a scroll of magic mapping
Potions
 b - 2 potions of magic {unknown}
 i - a potion of brilliance {unknown}
 o - a potion of haste {unknown}
 r - a potion of mutation {unknown}
 t - a potion of flight {unknown}
 v - a potion of curing {unknown}
Books
 c - a book of Spatial Translocations

   Spells                             Type                      Level
   a - Blink                          Translocation                2
   b - Shroud of Golubria             Charms/Translocation         2
   c - Lesser Beckoning               Translocation                3
   d - Gell's Gravitas                Translocation                3
   e - Teleport Other                 Translocation                3
   f - Passage of Golubria            Translocation                4
Comestibles
 f - 12 rations
 s - a chunk of flesh


   Skills:
 + Level 5.2 Fighting
 + Level 2.3 Short Blades
 + Level 2.3 Long Blades
 + Level 2.3 Axes
 + Level 5.2 Maces & Flails
 + Level 2.3 Polearms
 + Level 2.3 Staves
 + Level 2.3 Slings
 + Level 2.3 Bows
 + Level 2.3 Crossbows
 + Level 3.5 Throwing
 + Level 3.5 Armour
 + Level 5.2 Dodging
 + Level 2.3 Stealth
 + Level 2.3 Shields
 + Level 2.3 Unarmed Combat
 + Level 5.5 Spellcasting
 + Level 1.9 Conjurations
 + Level 1.9 Hexes
 + Level 1.9 Charms
 + Level 1.9 Summonings
 + Level 1.9 Necromancy
 + Level 5.8 Translocations
 + Level 1.9 Transmutations
 + Level 1.9 Fire Magic
 + Level 1.9 Ice Magic
 + Level 1.9 Air Magic
 + Level 1.9 Earth Magic
 + Level 1.9 Poison Magic
 + Level 2.6 Invocations
 + Level 2.3 Evocations


You had 6 spell levels left.
You knew the following spells:

 Your Spells              Type           Power        Failure   Level  Hunger
a - Blink                 Tloc           N/A          3%          2    #......
b - Teleport Other        Tloc           ###.....     7%          3    ##.....
c - Passage of Golubria   Tloc           N/A          22%         4    ####...
d - Shroud of Golubria    Chrm/Tloc      ###.......   8%          2    #......


Dungeon Overview and Level Annotations

Branches:
Dungeon (5/15)             Temple (1/1) D:5

Altars:
Ashenzari
Cheibriados
Dithmenos
Fedhas
Gozag
Hepliaklqana
Kikubaaqudgha
Makhleb
Nemelex Xobeh
Qazlal
Ru
Sif Muna
Trog
Uskayaw
Vehumet
Wu Jian
Xom
The Shining One

Annotations:
D:3 Captinkiss's ghost, amateur DrFE
D:4 Epsil's ghost, novice GnGl


Innate Abilities, Weirdness & Mutations

Your experience applies equally to all skills.
You have very sharp teeth.
Your uncanny sense of smell can sniff out nearby items.


Message History

Tha orc warrior misses ye.
Throwin' (i - inventory):
e - 4 tomahawks o' dispersal (quiv'red)
Press: ? - help, Shift-Dir - straight line, f/p - orc warrior
Aim: an orc warrior, wieldin' a hand axe an' wearin' a chain mail Ye throw a tomahawk o' dispersal.
Tha tomahawk o' dispersal hits tha orc warrior but does nay damage.
Tha orc warrior hits ye wit' a hand axe!
* * * LOW HITPOINT WARNIN'
* * * Throwin' (i - inventory):
e - 3 tomahawks o' dispersal (quiv'red)
Press: ? - help, Shift-Dir - straight line, f/p - orc warrior
Aim: an orc warrior, wieldin' a hand axe an' wearin' a chain mail Ye throw a tomahawk o' dispersal.
Tha tomahawk o' dispersal closely misses tha orc warrior.
Tha orc warrior hits ye wit' a hand axe.
* * * LOW HITPOINT WARNIN'
* * * Castin': Teleport Othar Confirm wit' . or Enter, or press ? or * ta list all spells.
Ye blink.
Tha orc warrior hits ye wit' a hand axe!
Ye die...

..# ..
## ..
#. .##
#.#..
.(.
#.#
#@#
#o# #.
#ยง#
#. #?#
#. #.#
#. ..#
#####.
###
......
#.
#####


You could see an orc warrior.

Vanquished Creatures
  A crimson imp (D:5)
  2 hounds (D:5)
  A jelly (D:5)
  An orc priest (D:4)
  A bullfrog skeleton (D:4)
  4 orc wizards
  A centaur skeleton (D:5)
  An iguana (D:5)
  A worker ant (D:5)
  A river rat (D:5)
  10 adders
  An ooze (D:5)
  A worm (D:2)
  4 dart slugs
  6 orcs
  3 giant cockroaches
  5 goblins
  9 hobgoblins
  4 jackals (D:3)
  6 kobolds
  5 quokkas
  6 ball pythons
  7 bats
  10 frilled lizards
  10 rats
101 creatures vanquished.

Notes
Turn   | Place    | Note
-------+----------+-------------------------------------------
     0 | D:1      | Inchmeat the Gnoll Warper began the quest for the Orb.
     0 | D:1      | Reached XP level 1. HP: 20/20 MP: 6/6
   175 | D:1      | Reached XP level 2. HP: 22/26 MP: 7/7
   240 | D:1      | Learned a level 2 spell: Blink
  1142 | D:1      | Reached XP level 3. HP: 31/31 MP: 9/9
  1199 | D:2      | Reached skill level 5 in Spellcasting
  1336 | D:2      | Reached skill level 1 in Invocations
  2031 | D:2      | Reached skill level 1 in Short Blades
  2031 | D:2      | Reached skill level 1 in Long Blades
  2031 | D:2      | Reached skill level 1 in Axes
  2031 | D:2      | Reached skill level 1 in Polearms
  2031 | D:2      | Reached skill level 1 in Staves
  2031 | D:2      | Reached skill level 1 in Slings
  2031 | D:2      | Reached skill level 1 in Bows
  2031 | D:2      | Reached skill level 1 in Crossbows
  2031 | D:2      | Reached skill level 1 in Stealth
  2031 | D:2      | Reached skill level 1 in Shields
  2031 | D:2      | Reached skill level 1 in Unarmed Combat
  2031 | D:2      | Reached skill level 1 in Evocations
  2057 | D:2      | Reached XP level 4. HP: 31/38 MP: 11/11
  2352 | D:2      | Learned a level 3 spell: Teleport Other
  2379 | D:3      | Noticed Captinkiss's ghost (amateur DrFE)
  2761 | D:3      | Reached skill level 1 in Conjurations
  2761 | D:3      | Reached skill level 1 in Hexes
  2761 | D:3      | Reached skill level 1 in Charms
  2761 | D:3      | Reached skill level 1 in Summonings
  2761 | D:3      | Reached skill level 1 in Necromancy
  2761 | D:3      | Reached skill level 1 in Transmutations
  2761 | D:3      | Reached skill level 1 in Fire Magic
  2761 | D:3      | Reached skill level 1 in Ice Magic
  2761 | D:3      | Reached skill level 1 in Air Magic
  2761 | D:3      | Reached skill level 1 in Earth Magic
  2761 | D:3      | Reached skill level 1 in Poison Magic
  2769 | D:3      | Learned a level 4 spell: Passage of Golubria
  2832 | D:3      | Reached XP level 5. HP: 30/43 MP: 12/12
  3231 | D:3      | Found a shadowy altar of Dithmenos.
  3515 | D:4      | Learned a level 2 spell: Shroud of Golubria
  3519 | D:4      | Learned a level 3 spell: Lesser Beckoning
  3532 | D:4      | Reached XP level 6. HP: 43/50 MP: 13/13
  3716 | D:4      | Reached skill level 5 in Fighting
  3716 | D:4      | Reached skill level 5 in Maces & Flails
  3716 | D:4      | Reached skill level 5 in Dodging
  3735 | D:4      | Noticed Epsil's ghost (novice GnGl)
  3780 | D:5      | Entered Level 5 of the Dungeon
  3891 | D:5      | Found a sacrificial altar of Ru.
  3898 | D:5      | Found a glowing drain.
  3957 | Sewer    | Entered a sewer
  4150 | Sewer    | Noticed Purgy
  4479 | D:5      | Found a staircase to the Ecumenical Temple.
  4586 | Temple   | Entered the Ecumenical Temple
  4965 | Temple   | Became a worshipper of Cheibriados the Contemplative
  5028 | D:5      | Reached XP level 7. HP: 46/56 MP: 15/15
  5387 | D:4      | Slain by an orc warrior

Skill      XL: |  1  2  3  4  5  6 |
---------------+-------------------+-----
Spellcasting   | 5 |  5.5
Invocations    | 1 2 |  2.6
Short Blades   | 1 2 |  2.3
Long Blades    | 1 2 |  2.3
Axes           | 1 2 |  2.3
Polearms       | 1 2 |  2.3
Staves         | 1 2 |  2.3
Slings         | 1 2 |  2.3
Bows           | 1 2 |  2.3
Crossbows      | 1 2 |  2.3
Stealth        | 1 2 |  2.3
Shields        | 1 2 |  2.3
Unarmed Combat | 1 2 |  2.3
Evocations     | 1 2 |  2.3
Conjurations   | 1 |  1.9
Hexes          | 1 |  1.9
Charms         | 1 |  1.9
Summonings     | 1 |  1.9
Necromancy     | 1 |  1.9
Transmutations | 1 |  1.9
Fire Magic     | 1 |  1.9
Ice Magic      | 1 |  1.9
Air Magic      | 1 |  1.9
Earth Magic    | 1 |  1.9
Poison Magic   | 1 |  1.9
Throwing       | 3 |  3.5
Armour         | 3 |  3.5
Fighting       | 5 |  5.2
Maces & Flails | 5 |  5.2
Dodging        | 5 |  5.2
Translocations | |  5.8

Action                   |  1- 3 |  4- 6 |  7- 9 || total
-------------------------+-------+-------+-------++-------
Melee: Whip              |   167 |   374 |    46 ||   587
       Mace              |     6 |       |       ||     6
       Bite              |    14 |    35 |    11 ||    60
       Punch             |     2 |     3 |     1 ||     6
Throw: Tomahawk          |       |     3 |     4 ||     7
 Cast: Blink             |       |     4 |     1 ||     5
       Teleport Other    |       |     1 |       ||     1
  Use: Scroll            |     3 |     3 |     1 ||     7
       Potion            |       |     2 |       ||     2
  Eat: Chunk             |     4 |     9 |     2 ||    15
Armor: Leather armour    |    30 |       |       ||    30
       Ring mail         |     5 |    87 |     7 ||    99
Dodge: Dodged            |   102 |   260 |    27 ||   389
